 Dungeon Crawl Stone Soup version 0.22-a0-433-gd2a9cce0b5 (webtiles) character file.

5273 Maize the Cleaver (level 10, -5/102 HPs)
             Began as a Minotaur Berserker on May 28, 2018.
             Was an Elder of Trog.
             Slain by a white very ugly thing (35 damage)
             ... on level 8 of the Dungeon.
             The game lasted 00:22:48 (6224 turns).

Maize the Cleaver (Minotaur Berserker)              Turns: 6224, Time: 00:22:49

Health: -5/102     AC: 14    Str: 24 (25) XL:     10   Next: 36%
Magic:  9/9        EV:  9    Int:  4      God:    Trog [****..]
Gold:   264        SH:  0    Dex: 12 (13) Spells: 9/9 levels left

rFire    . . .     SeeInvis .   a - +1 hand axe
rCold    . . .     Gourm    .   (no shield)
rNeg     . . .     Faith    .   y - +0 chain mail
rPois    .         Spirit   .   (helmet restricted)
rElec    .         Reflect  .   (no cloak)
rCorr    .         Harm     .   u - +0 pair of gloves
MR       ++...                  (no boots)
Stlth    ..........             j - amulet of regeneration
HPRegen  1.67/turn              n - +3 ring of slaying
MPRegen  0.11/turn              r - +3 ring of dexterity

@: regenerating
A: retaliatory headbutt, horns 2, slimy green scales 1, deterioration 1, robust
1, evolution 1
a: Berserk, Trog's Hand, Brothers in Arms, Renounce Religion


You were on level 8 of the Dungeon.
You worshipped Trog.
Trog was greatly pleased with you.
You were hungry.

You visited 1 branch of the dungeon, and saw 8 of its levels.
You also visited: Sewer.

You collected 322 gold pieces.
You spent 58 gold pieces at shops.

Inventory:

Hand Weapons
 a - a +1 hand axe (weapon)
Missiles
 q - 16 tomahawks (quivered)
Armour
 t - a +3 ring mail of cold resistance
 u - a +0 pair of gloves (worn)
 y - a +0 chain mail (worn)
Jewellery
 f - an uncursed ring of protection from cold
 j - an amulet of regeneration (around neck)
 n - a +3 ring of slaying (left hand)
 r - a +3 ring of dexterity (right hand)
 s - an uncursed ring of flight
Wands
 z - a wand of paralysis (10)
 A - a wand of polymorph (25)
 B - a wand of iceblast (21)
Scrolls
 g - 2 scrolls of immolation
 k - a scroll of magic mapping
 l - 2 scrolls of enchant weapon
 m - 2 scrolls of remove curse
 p - 5 scrolls of identify
 w - 3 scrolls of amnesia
 D - a scroll of teleportation
Potions
 d - a potion of mutation
 e - 2 potions of brilliance
 h - 4 potions of heal wounds
 i - 12 potions of curing
 o - 3 potions of flight
 v - a potion of ambrosia
 x - 2 potions of agility
 C - a potion of might
Comestibles
 c - 13 rations


   Skills:
 + Level 10.0 Fighting
 * Level 13.1 Axes
 + Level 9.5 Armour
 - Level 2.3 Dodging


You had 9 spell levels left.
You didn't know any spells.
Your spell library contained the following spells:

 Spells                   Type           Power        Failure   Level  Hunger
 Confuse                  Hex            #.......     100%        3    ####...
 Confusing Touch          Hex            #.....       97%         1    ##.....
 Metabolic Englaciation   Hex/Ice        #.........   100%        5    ######.
 Petrify                  Tmut/Erth      #.......     100%        4    #####..
 Gell's Gravitas          Tloc           #.........   100%        3    ####...
 Yara's Violent Unravell  Hex/Tmut       #.........   100%        5    ######.


Dungeon Overview and Level Annotations

Branches:
Dungeon (8/15)             Temple (0/1) D:7
   Lair: D:8-11

Altars:
Dithmenos
Gozag
Hepliaklqana
Kikubaaqudgha
Makhleb
Nemelex Xobeh
Qazlal
Uskayaw
Vehumet
Wu Jian
The Shining One

Shops:
D:4 [


Innate Abilities, Weirdness & Mutations

You reflexively headbutt those who attack you in melee.
You have a pair of horns on your head.
You are partially covered in slimy green scales. (AC +2)
Your body sometimes deteriorates upon taking damage.
You are robust. (+10% HP)
You evolve.


Message History

You feel a bit more experienced.
Things that are here:
a trident; an orc corpse You open the door.
There is an open door here.
A white very ugly thing comes into view.
The white very ugly thing gurgles horribly!
You slash the white very ugly thing!
The white very ugly thing is lightly wounded.
The white very ugly thing engulfs you!
The white very ugly thing freezes you!!!
You completely miss the white very ugly thing.
Your headbutt misses the white very ugly thing.
The white very ugly thing is lightly wounded.
You feel the effects of Trog's Hand fading.
The white very ugly thing engulfs you!
* * * LOW HITPOINT WARNING * * *
Your body deteriorates!
You feel weakened. The white very ugly thing freezes you!!
You die...

##### ##.@u#
###.###.#
######## #.'.# .#
#......# #.#.# .#
#.####.#####.##..
## #.#
#.#...)..#### #.#
#...........# #.#
###.#######..#
#.# ...# ..#


You could see a white very ugly thing.

Vanquished Creatures
  A two-headed ogre (D:7)
  The ghost of splatterpode the Basher, a novice OpFi of Okawaru (D:7)
  Grinder (D:6)
  Prince Ribbit (D:6)
  3 yaks (D:7)
  A human (D:7)
  A hungry ghost (D:8)
  A hog (D:7)
  Menkaure (D:6)
  4 phantoms
  2 sky beasts (D:6)
  An orc warrior (D:8)
  5 ogres
  3 centaurs
  2 big kobolds
  A gnoll sergeant (D:7)
  2 bullfrogs
  A scorpion (D:8)
  4 howler monkeys
  A crimson imp (D:5)
  A hound (D:4)
  A jelly (D:6)
  5 orc priests
  Jessica (D:7)
  3 centaur skeletons
  2 iguanas (D:6)
  6 orc wizards
  5 worker ants
  A killer bee zombie (D:7)
  A hound zombie (D:6)
  4 gnolls (D:7)
  A howler monkey skeleton (D:4)
  5 adders
  A shadow imp (D:4)
  2 oozes
  An adder skeleton (D:4)
  A dart slug (D:3)
  4 leopard geckos
  35 orcs
  7 giant cockroaches
  3 goblins
  3 hobgoblins
  6 jackals
  2 quokkas (D:7)
  3 ball pythons (Sewer)
  9 bats
  4 frilled lizards
  24 kobolds
  8 rats
186 creatures vanquished.

Vanquished Creatures (others)
  A worm (D:2)
1 creature vanquished.

Grand Total: 187 creatures vanquished

Notes
Turn   | Place    | Note
-------+----------+-------------------------------------------
     0 | D:1      | Maize the Minotaur Berserker began the quest for the Orb.
     0 | D:1      | Reached XP level 1. HP: 19/19 MP: 0/0
    94 | D:1      | Found a sparkling altar of Nemelex Xobeh.
   155 | D:1      | Reached XP level 2. HP: 27/27 MP: 1/1
   159 | D:1      | Reached skill level 4 in Axes
   945 | D:2      | Reached XP level 3. HP: 30/33 MP: 2/2
   946 | D:2      | Found a radiant altar of Vehumet.
  1004 | D:2      | Noticed a fire elemental
  1006 | D:2      | Found a stormy altar of Qazlal.
  1012 | D:2      | Noticed a water elemental
  1012 | D:2      | Noticed an earth elemental
  1012 | D:2      | Noticed an air elemental
  1134 | D:2      | Found a stormy altar of Qazlal.
  1135 | D:2      | Found an ancient bone altar of Kikubaaqudgha.
  1137 | D:2      | Found a glowing golden altar of the Shining One.
  1411 | D:2      | Reached ** piety under Trog
  1874 | D:3      | Reached XP level 4. HP: 16/41 MP: 3/3
  1874 | D:3      | Reached skill level 5 in Axes
  2513 | D:4      | Reached XP level 5. HP: 44/47 MP: 4/4
  2675 | D:4      | Reached skill level 5 in Fighting
  2742 | D:4      | Found Afysa's Armour Boutique.
  2747 | D:4      | Bought a +0 pair of gloves for 58 gold pieces
  2822 | D:4      | Reached skill level 6 in Axes
  3057 | D:4      | Reached XP level 6. HP: 54/56 MP: 5/5
  3159 | D:4      | Found a shadowy altar of Dithmenos.
  3169 | D:4      | Reached *** piety under Trog
  3280 | D:5      | Entered Level 5 of the Dungeon
  3295 | D:5      | Reached skill level 7 in Axes
  3358 | D:5      | Found a glowing drain.
  3383 | D:5      | Reached XP level 7. HP: 43/62 MP: 6/6
  3390 | D:5      | Reached skill level 5 in Armour
  3401 | Sewer    | Entered a sewer
  3827 | D:5      | Found an ornate altar of the Wu Jian Council.
  3883 | D:5      | Reached skill level 8 in Axes
  4319 | D:6      | Reached XP level 8. HP: 55/71 MP: 7/7
  4332 | D:6      | Noticed Menkaure
  4337 | D:6      | Reached skill level 9 in Axes
  4340 | D:6      | Killed Menkaure
  4344 | D:6      | Noticed Grinder
  4365 | D:7      | Noticed splatterpode's ghost (novice OpFi)
  4388 | D:6      | Paralysed by Grinder for 2 turns
  4584 | D:6      | Paralysed by Grinder for 6 turns
  4604 | D:6      | Killed Grinder
  4635 | D:6      | Noticed Prince Ribbit
  4673 | D:6      | Gained mutation: You are robust. (+10% HP) [potion of mutation]
  4673 | D:6      | Gained mutation: You possess an exceptional clarity of mind. [potion of mutation]
  4673 | D:6      | Gained mutation: You are somewhat resistant to further mutation. [potion of mutation]
  4679 | D:6      | Lost mutation: You possess an exceptional clarity of mind. [potion of mutation]
  4679 | D:6      | Lost mutation: You are somewhat resistant to further mutation. [potion of mutation]
  4679 | D:6      | Gained mutation: You evolve. [potion of mutation]
  4679 | D:6      | Gained mutation: You are partially covered in slimy green scales. (AC +2) [potion of mutation]
  4759 | D:6      | Found a burning altar of Makhleb.
  4759 | D:6      | Found a sparkling altar of Nemelex Xobeh.
  4770 | D:6      | Found a faded altar of an unknown god.
  4772 | D:6      | Found a hazy altar of Hepliaklqana.
  4774 | D:6      | Found a faded altar of an unknown god.
  4895 | D:6      | Found an opulent altar of Gozag.
  4957 | D:6      | Killed Prince Ribbit
  4957 | D:6      | Reached skill level 10 in Axes
  5099 | D:7      | Reached XP level 9. HP: 75/89 MP: 8/8
  5107 | D:7      | Killed splatterpode's ghost
  5107 | D:7      | Reached skill level 11 in Axes
  5117 | D:7      | Reached **** piety under Trog
  5161 | D:7      | Gained mutation: Your body sometimes deteriorates upon taking damage. [evolution]
  5179 | D:7      | Found a staircase to the Ecumenical Temple.
  5202 | D:7      | Found a hide-covered altar of Uskayaw.
  5203 | D:7      | Noticed a dagger
  5203 | D:7      | Noticed a hand axe
  5307 | D:7      | Reached skill level 12 in Axes
  5472 | D:7      | Reached XP level 10. HP: 94/100 MP: 9/9
  5582 | D:7      | Found a sparkling altar of Nemelex Xobeh.
  5582 | D:7      | Noticed Jessica
  5606 | D:7      | Killed Jessica
  5671 | D:7      | Noticed a two-headed ogre
  5682 | D:7      | Killed a two-headed ogre
  6103 | D:8      | Reached skill level 13 in Axes
  6200 | D:8      | Reached skill level 10 in Fighting
  6221 | D:8      | Noticed a white very ugly thing
  6224 | D:8      | Slain by a white very ugly thing

Vault maps used:
D:1:      saegor_arrival_simple_d, nemelex_diamond_rough_becter
D:2:      fiery_altar_vehumet, grunt_temple_overflow_open, first_ration,
          nicolae_qazlal_style_of_elements
D:4:      grunt_dithmenos_shadows, serial_shops, shop_statue
D:5:      kennysheep_little_box, gup_sewer_entry_glass
D:6:      lemuel_doored_altar, chequers_temple_overflow_minitemple,
          uniq_menkaure, uniq_grinder, uniq_prince_ribbit1
D:7:      dancing_weapons_uskayaw, temple_hall, grunt_livestock,
          nemelex_lonely_heart_becter
D:8:      kennysheep_mini, bh_chokoban, kennysheep_just_a_vault
Sewer:    kennysheep_pipe_town

Skill      XL: |  1  2  3  4  5  6  7  8  9 10 |
---------------+-------------------------------+-----
Axes           | 4 5 6 7 8 10 12 13 | 13.1
Fighting       | 4 5 6 8 9 10 | 10.0
Armour         | 3 4 5 7 8 9 |  9.5
Dodging        | |  2.3

Action                   |  1- 3 |  4- 6 |  7- 9 | 10-12 || total
-------------------------+-------+-------+-------+-------++-------
Melee: Hand axe          |    75 |   102 |   169 |    54 ||   400
       Headbutt          |     9 |    20 |    44 |    10 ||    83
       Unarmed           |       |       |     4 |       ||     4
Throw: Tomahawk          |       |       |       |     1 ||     1
Invok: Berserk           |     1 |       |     6 |     1 ||     8
       Trog's Hand       |       |     1 |     2 |     2 ||     5
  Use: Potion            |       |       |    10 |       ||    10
       Scroll            |       |       |     9 |     1 ||    10
  Eat: Chunk             |     3 |     6 |    10 |     4 ||    23
       Ration            |       |       |     1 |       ||     1
Armor: Ring mail         |    29 |    31 |    13 |       ||    73
       Chain mail        |       |       |    76 |    22 ||    98
Dodge: Dodged            |    51 |    66 |    80 |    15 ||   212

Table legend:
 A = Spawn XP
 B = Non-spawn XP
 C = Spawn XP percentage of total XP
 D = Spawn monster count
 E = Non-spawn monster count
 F = Spawn count percentage of total count
 G = Total turns spent on level
                    A         B        C        D         E        F      G
               +---------+---------+-------+---------+---------+-------+---------
         Total |       0 |    7533 |   0.0 |       0 |     186 |   0.0 |  6224
               +---------+---------+-------+---------+---------+-------+---------
           D:1 |       0 |      31 |   0.0 |       0 |      16 |   0.0 |   880
           D:2 |       0 |      31 |   0.0 |       0 |      12 |   0.0 |   580
           D:3 |       0 |      77 |   0.0 |       0 |      18 |   0.0 |  1032
           D:4 |       0 |     428 |   0.0 |       0 |      29 |   0.0 |   788
           D:5 |       0 |     641 |   0.0 |       0 |      19 |   0.0 |   849
           D:6 |       0 |    1316 |   0.0 |       0 |      14 |   0.0 |   666
           D:7 |       0 |    4322 |   0.0 |       0 |      47 |   0.0 |  1031
           D:8 |       0 |     560 |   0.0 |       0 |       7 |   0.0 |   147
         Sewer |       0 |     127 |   0.0 |       0 |      24 |   0.0 |   251
               +---------+---------+-------+---------+---------+-------+---------
